 Dungeon Crawl Stone Soup version 0.20-a0-1078-g4874019 (webtiles) character file.

124 FastMan the Skirmisher (level 5, -9/33 HPs)
             Began as a Gargoyle Fighter on May 1, 2017.
             Killed by divine providence
             ... invoked by an orc priest
              (10 damage)
             ... on level 4 of the Dungeon.
             The game lasted 00:01:23 (1109 turns).

FastMan the Skirmisher (Gargoyle Fighter)           Turns: 1109, Time: 00:01:23

Health: -9/33      AC: 15    Str: 25    XL:     5   Next: 8%
Magic:  5/5        EV:  4    Int:  8    God:
Gold:   104        SH:  9    Dex: 10    Spells: 4/4 levels left

rFire    . . .     SeeInvis .   a - +0 war axe
rCold    . . .     Gourm    .   c - +0 shield
rNeg     + . .     Faith    .   o - +0 plate armour
rPois    ∞         Spirit   .   (no helmet)
rElec    +         Reflect  .   (no cloak)
rCorr    .         Harm     .   (no gloves)
MR       .....                  (no boots)
Stlth    ..........             (no amulet)
Regen    0.2/turn               (no ring)
MPRegen  0.1/turn               (no ring)

@: mighty
A: negative energy resistance 1, electricity resistance, unbreathing,
petrification resistance, rot immunity, AC +4
a: no special abilities


You were on level 4 of the Dungeon.
You were not hungry.

You visited 1 branch of the dungeon, and saw 4 of its levels.

You collected 104 gold pieces.

Inventory:

Hand Weapons
 a - a +0 war axe (weapon)
Armour
 c - a +0 shield (worn)
 o - a +0 plate armour (worn)
Jewellery
 e - a +3 ring of dexterity {unknown}
 l - a cursed ring of teleportation {unknown}
Scrolls
 i - a scroll of identify {unknown}
 p - a scroll of amnesia {unknown}
 q - a scroll of remove curse {unknown}
Potions
 b - a potion of degeneration {unknown}
 d - a potion of might {@q4}
 j - a potion of lignification {unknown}
 m - 2 potions of resistance {unknown}
 n - a potion of cancellation {unknown}
 s - a potion of curing {unknown}
 t - a potion of heal wounds {unknown}
Comestibles
 f - 3 bread rations {@e1}
 h - a meat ration {@e2}
 k - 3 fruits {@e4}
 r - a royal jelly {@e3}


   Skills:
 + Level 4.2 Fighting
 * Level 3.9 Axes
 + Level 3.5 Armour
 - Level 3.2 Shields


You had 4 spell levels left.
You didn't know any spells.

Dungeon Overview and Level Annotations

Branches:
Dungeon (4/15)
 Temple: D:4-7

Altars:
Ashenzari
Cheibriados
Hepliaklqana
Uskayaw


Innate Abilities, Weirdness & Mutations

You are resistant to torment.
Your stone body is resilient. (AC +4)
You are immune to poison.
You resist negative energy. (rN+)
You are resistant to electric shocks. (rElec)
You can survive without breathing.
You are immune to petrification.
You are immune to rotting.


Message History

Unknown command.
You hit the worker ant but do no damage.
You slash the orc!
You kill the orc!
The worker ant bites you but does no damage.
The orc priest mumbles some strange prayers to Beogh against you.
Beogh smites you!
* * * LOW HITPOINT WARNING * * *
You block the worker ant's attack.
You completely miss the worker ant.
Your shield prevents you from hitting the orc priest.
You block the worker ant's attack.
The orc priest hits you but does no damage.
You slash the worker ant!
You kill the worker ant!
You have reached level 5!
Your plate armour prevents you from hitting the orc priest.
The orc priest invokes the aid of Beogh against you.
Beogh smites you!
You die...

... ... .... .....
###################.....
#<....................>.
################......#
#@)....# #)o8_..#
#......# #......#
.......# .......#
.......# #.......#


You could see an orc priest.

Vanquished Creatures
  A crimson imp (D:3)
  A worker ant (D:4)
  An adder (D:3)
  A worm (D:3)
  A dart slug (D:1)
  5 leopard geckos
  2 orcs (D:4)
  2 giant cockroaches
  2 goblins
  8 hobgoblins
  3 jackals (D:3)
  2 ball pythons
  5 bats
  4 frilled lizards
  5 kobolds
  3 rats
46 creatures vanquished.

Notes
Turn   | Place    | Note
-------+----------+-------------------------------------------
     0 | D:1      | FastMan the Gargoyle Fighter began the quest for the Orb.
     0 | D:1      | Reached XP level 1. HP: 14/14 MP: 1/1
    97 | D:1      | Reached XP level 2. HP: 15/19 MP: 2/2
   400 | D:2      | Reached XP level 3. HP: 23/23 MP: 3/3
   438 | D:2      | Found a snail-covered altar of Cheibriados.
   501 | D:3      | Reached skill level 4 in Fighting
   501 | D:3      | Reached XP level 4. HP: 27/29 MP: 4/4
   609 | D:3      | Found a shattered altar of Ashenzari.
  1098 | D:4      | Found a hazy altar of Hepliaklqana.
  1099 | D:4      | Found a hide-covered altar of Uskayaw.
  1107 | D:4      | HP: 1/29 [orc priest/divine providence (14)]
  1109 | D:4      | Reached XP level 5. HP: 1/33 MP: 5/5
  1109 | D:4      | Killed from afar by an orc priest

Vault maps used:
D:1:      kennysheep_arrival_forest
D:2:      nemelex_xobeh_ov_fountains_minmay, bloody_trog,
          kennysheep_slug_shrine, uniq_natasha
D:3:      nicolae_overflow_crystal_walls, first_bread
D:4:      chequers_temple_overflow_statue_of_worship,
          minmay_temple_entry_purple_smoke, serial_shops, nicolae_shop_crystal,
          lemuel_blue_sif_altar

Skill      XL: |  1  2  3 |
---------------+----------+-----
Axes           | 2 3 |  3.9
Fighting       | 4 |  4.2
Armour         | |  3.5
Shields        | |  3.2

Action                   |  1- 3 |  4- 6 || total
-------------------------+-------+-------++-------
Melee: War axe           |   105 |    82 ||   187
  Use: Potion            |       |     1 ||     1
  Eat: Chunk             |       |     1 ||     1
Armor: Scale mail        |    84 |       ||    84
       Plate armour      |     8 |    53 ||    61
Dodge: Dodged            |    33 |    13 ||    46
Block: Shield            |    45 |    50 ||    95
